 Dungeon Crawl Stone Soup version 0.23-a0-169-gb21e695 (webtiles) character file.

160300 iamserjio the Devastator (level 17, -7/117 HPs)
             Began as an Octopode Wanderer on Sept 11, 2018.
             Was the Champion of Dithmenos.
             Shot with an arrow by a deep elf master archer (40 damage)
             ... on level 3 of the Elven Halls.
             The game lasted 02:29:53 (50092 turns).

iamserjio the Devastator (Octopode Wanderer)       Turns: 50092, Time: 02:29:54

Health: -7/117     AC:  9    Str:  9    XL:     17   Next: 76%
Magic:  24/45      EV: 27    Int: 24    God:    Dithmenos [******]
Gold:   1969       SH: 21    Dex: 11    Spells: 8/35 levels left

rFire    + . .     SeeInvis .   N - staff of power
rCold    + . .     Gourm    .   G - +5 shield
rNeg     . . .     Faith    .   (helmet restricted)
rPois    .         Spirit   .   t - +4 amulet of reflection
rElec    .         Reflect  +   w - +5 ring of protection
rCorr    +         Harm     .   L - ring of protection from magic
MR       ++...                  B - +3 ring of protection
Stlth    ++++......             X - ring of Phasing {EV+8}
HPRegen  0.29/turn              a - +2 ring of evasion
MPRegen  0.29/turn              y - ring of resist corrosion
                                Z - ring of protection from cold
                                i - ring of protection from fire

@: wreathed by umbra
A: almost no armour, stealthy swim, amphibious, 8 rings, constrict 8, camouflage
1, gelatinous body 1
a: Shadow Step, Shadow Form, Renounce Religion


You were on level 3 of the Elven Halls.
You worshipped Dithmenos.
Dithmenos was exalted by your worship.
You were hungry.

You visited 5 branches of the dungeon, and saw 27 of its levels.

You collected 3256 gold pieces.
You spent 1287 gold pieces at shops.

Inventory:

Hand Weapons
 g - the +6 Majin-Bo {vamp, Archmagi MP+6 Int+6}
   (You took it off a deep elf annihilator on level 3 of the Elven Halls)

   It inflicts no extra harm, but heals its wielder when it wounds a living foe.
   It affects your intelligence (+6).
   It affects your magic capacity (+6).
 M - the +7 longbow "Piercer" {penet, EV-2}
   (You took it off a deep elf archer on level 3 of the Elven Halls)

   Ammo fired by it will pass through the targets it hits, potentially hitting
   all targets in its path until it reaches maximum range.
   It affects your evasion (-2).
Missiles
 n - a throwing net (quivered) {!f}
Armour
 G - a +5 shield (worn)
Magical Staves
 I - an uncursed staff of energy
 N - an uncursed staff of power (weapon)
Jewellery
 a - a +2 ring of evasion (on tentacle)
 i - a ring of protection from fire (on tentacle)
 t - a +4 amulet of reflection (around mantle)
 w - a +5 ring of protection (left tentacle)
 y - a ring of resist corrosion (on tentacle)
 B - a +3 ring of protection (on tentacle)
 L - a ring of protection from magic (right tentacle)
 X - the ring of Phasing (on tentacle) {EV+8}
   (You took it off a deep elf blademaster on level 3 of the Elven Halls)

   [ring of evasion]

   It affects your evasion (+8).
 Z - a ring of protection from cold (on tentacle)
Wands
 d - a wand of paralysis (14)
 l - a wand of digging (61)
 O - a wand of enslavement (28)
 S - a wand of disintegration (14)
Scrolls
 b - 12 scrolls of remove curse {@r2}
 j - 4 scrolls of fear
 o - 7 scrolls of blinking
 r - 2 scrolls of enchant armour
 u - 3 scrolls of magic mapping
 z - 13 scrolls of teleportation
 A - 7 scrolls of immolation
 H - a scroll of holy word
 J - a scroll of enchant weapon
 U - 4 scrolls of summoning
 Y - 2 scrolls of fog
Potions
 c - 3 potions of mutation
 e - 9 potions of curing {@q1}
 h - 3 potions of brilliance
 m - 4 potions of might
 q - a potion of invisibility
 s - a potion of resistance
 v - a potion of agility
 x - 6 potions of haste
 C - 5 potions of berserk rage
 D - 5 potions of flight
 E - 2 potions of magic
 F - 4 potions of heal wounds
 K - a potion of ambrosia
 W - 2 potions of cancellation
Miscellaneous
 k - a lightning rod (3/4)
 p - a fan of gales
 P - a lamp of fire (inert)
 Q - a phantom mirror
 R - a sack of spiders
Comestibles
 f - 21 rations
 T - 2 chunks of flesh


   Skills:
 * Level 11.5 Fighting
 - Level 2.0 Bows
 - Level 9.0 Dodging
 - Level 15.0 Shields
 + Level 9.7 Spellcasting
 * Level 16.2 Conjurations
 - Level 7.0 Summonings
 - Level 9.0 Fire Magic
 - Level 8.0 Earth Magic
 - Level 3.0 Invocations
 - Level 2.0 Evocations


You had 8 spell levels left.
You knew the following spells:

 Your Spells              Type           Power        Failure   Level  Hunger
a - Flame Tongue          Conj/Fire      #####        1%          1    None
b - Conjure Flame         Conj/Fire      ######..     1%          3    None
c - Sticky Flame          Conj/Fire      ######..     1%          4    #......
d - Fireball              Conj/Fire      ######....   1%          5    ####...
e - Summon Butterflies    Summ           #####...     1%          1    None
g - Iron Shot             Conj/Erth      ######....   5%          6    ######.
h - Spellforged Servitor  Conj/Summ      ######....   36%         7    #######

Your spell library contained the following spells:

 Spells                   Type           Power        Failure   Level  Hunger
 Sandblast                Erth           ######       1%          1    None
 Shock                    Conj/Air       ####         1%          1    None
 Summon Small Mammal      Summ           ####         1%          1    None
 Call Imp                 Summ           #####...     1%          2    None
 Passwall                 Tmut/Erth      ####....     1%          2    None
 Throw Flame              Conj/Fire      ######       1%          2    None
 Call Canine Familiar     Summ           #####...     1%          3    None
 Dazzling Spray           Conj/Hex       ######       1%          3    None
 Static Discharge         Conj/Air       ######..     1%          3    None
 Stone Arrow              Conj/Erth      ######       1%          3    None
 Bolt of Magma            Conj/Fire/Erth ######....   1%          5    ####...
 Inner Flame              Hex/Fire       ####....     2%          3    None
 Summon Guardian Golem    Hex/Summ       ####....     3%          3    None
 Beastly Appendage        Tmut           ##....       5%          1    None
 Confusing Touch          Hex            ##....       5%          1    None
 Corona                   Hex            ##.....      5%          1    None
 Iskenderun's Battlesphe  Conj/Chrm      ######..     5%          5    ####...
 Lightning Bolt           Conj/Air       ######....   5%          5    ####...
 Venom Bolt               Conj/Pois      ######....   5%          5    ####...
 Orb of Destruction       Conj           ######....   6%          7    #######
 Ensorcelled Hibernation  Hex/Ice        ##....       9%          2    None
 Shroud of Golubria       Chrm/Tloc      ##........   9%          2    None
 Sticks to Snakes         Tmut           ##......     9%          2    None
 Swiftness                Chrm/Air       ##......     9%          2    None
 Petrify                  Tmut/Erth      ####....     11%         4    #......
 Summon Ice Beast         Ice/Summ       ####....     13%         4    #......
 Summon Lightning Spire   Summ/Air       ####....     13%         4    #......
 Confuse                  Hex            ##......     16%         3    None
 Gell's Gravitas          Tloc           ##........   16%         3    None
 Spider Form              Tmut/Pois      ##........   16%         3    None
 Tukima's Dance           Hex            ##......     16%         3    None
 Summon Mana Viper        Hex/Summ       ####....     34%         5    ####...
 Airstrike                Air            ##........   47%         4    #......
 Ice Form                 Ice/Tmut       ##......     47%         4    #......
 Blade Hands              Tmut           ##........   83%         5    ####...
 Metabolic Englaciation   Hex/Ice        ##........   83%         5    ####...
 Yara's Violent Unravell  Hex/Tmut       ##........   83%         5    ####...
 Statue Form              Tmut/Erth      ####.....    85%         6    ######.
 Summon Hydra             Summ           #####.....   95%         7    #######


Dungeon Overview and Level Annotations

Branches:
Dungeon (15/15)            Temple (1/1) D:6            Lair (6/6) D:8
  Swamp (0/4) Lair:2       Spider (0/4) Lair:2        Slime (0/5) Lair:5
    Orc (2/2) D:9             Elf (3/3) Orc:2        Vaults (0/5) D:13
 Depths (0/5) D:15

Altars:
Ashenzari
Cheibriados
Dithmenos
Elyvilon
Fedhas
Gozag
Hepliaklqana
Kikubaaqudgha
Makhleb
Nemelex Xobeh
Okawaru
Qazlal
Ru
Sif Muna
Trog
Uskayaw
Vehumet
Wu Jian
Xom
Yredelemnul
Zin
The Shining One
Jiyva

Shops:
D:4 ?   D:6 %   D:11 }%   Orc:1 [(   Orc:2 [*:(   Elf:2 ?   Elf:3 [

Annotations:
Lair:6 1 runed door, TheNamelessOne's ghost, journeyman CeFi
Elf:2 3 runed doors


Innate Abilities, Weirdness & Mutations

You cannot wear most types of armour.
You are very stealthy in the water. (Stealth+)
You are amphibious.
You can wear up to eight rings at the same time.
You can use your tentacles to constrict eight enemies at once.
Your skin changes colour to match your surroundings (Stealth+).
Your rubbery body absorbs attacks. (AC +1, EV +1)


Message History

Aim: a deep elf blademaster, wielding two rapiers of electrocution and wearing The thunderbolt hits the deep elf blademaster.
You kill the deep elf blademaster!
Dithmenos accepts your kill.
The thunderbolt hits the deep elf master archer.
Casting: Sticky Flame (safe; 1% risk of failure)
Aiming: Fireball (safe; 1% risk of failure)
Aim: a deep elf master archer, wielding a longbow and wearing a leather armour The fireball explodes!
The fireball engulfs the deep elf master archer.
Your shadow mimicks your spell!
The shadow shard misses the deep elf master archer.
You are feeling hungry.
The deep elf master archer shoots an arrow.
The arrow hits you!!!
* * * LOW HITPOINT WARNING * * *
You emit a cloud of dark smoke.
The deep elf master archer shoots an arrow.
The arrow hits you!!!
You die...

.................................
.........###.........###.......(.
.......### ###.....### ###.......
##...### ###.### ###...## ##'##
#.# ##'## #..)# #.# #)..# #}..#
#§# #..)# ##### #§# ##### #@# #§#
#e# ... .⌠( .(... #####


You could see a deep elf master archer.

Vanquished Creatures
  4 deep elf blademasters (Elf:3)
  2 deep elf master archers (Elf:3)
  Donald (Elf:3)
  Roxanne (D:14)
  2 deep elf sorcerers (Elf:3)
  An orc warlord (Orc:1)
  3 deep elf elementalists (Elf:3)
  A stone giant (Orc:2)
  5 deep elf annihilators (Elf:3)
  10 deep elf death magi
  2 deep elf high priests (Elf:3)
  Erolcha (D:13)
  5 hydras
  Fannar (D:10)
  Erica (D:8)
  2 centaur warriors
  A catoblepas (Lair:2)
  4 two-headed ogres
  18 dancing weapons
  An ogre mage (Orc:1)
  2 tengu warriors (D:15)
  8 death yaks (Lair:5)
  8 orc high priests
  16 deep elf knights
  A deep troll (Orc:1)
  An unseen horror (D:15)
  2 wizards (D:13)
  12 deep elf archers
  A wolf spider zombie (D:14)
  A lindwurm (Lair:2)
  8 orc knights
  An oklob plant (D:8)
  20 ugly things
  3 orc sorcerers (Orc:1)
  45 deep elf magi
  2 manticores
  7 elephants
  6 cyclopes
  4 black mambas
  3 centaur zombies
  A gargoyle (D:12)
  19 spiny frogs
  3 centaur skeletons
  3 rime drakes
  An efreet (D:13)
  3 yaktaurs (D:15)
  A demonic crawler (Lair:2)
  7 komodo dragons
  11 trolls
  2 polar bears
  A queen bee (D:11)
  4 tyrant leeches
  Prince Ribbit (D:8)
  10 hippogriffs
  3 slime creatures (D:12)
  5 dream sheep
  37 blink frogs
  2 water elementals
  A shadow (D:13)
  2 wyverns
  An air elemental (Elf:2)
  A human (D:7)
  3 hungry ghosts
  29 yaks
  A basilisk (Lair:4)
  3 hogs (D:7)
  A fire elemental (Elf:3)
  9 vampire mosquitoes
  5 wargs
  2 soldier ants
  6 porcupines
  13 water moccasins
  3 ice beasts
  2 sky beasts
  A meliai simulacrum (D:15)
  29 orc warriors
  An eye of draining (shapeshifter) (D:15)
  5 phantoms
  A necrophage (D:14)
  A boggart (D:5)
  3 eyes of draining
  20 ogres
  6 centaurs
  10 wolves
  17 crocodiles
  3 big kobolds
  27 bullfrogs
  A wyvern zombie (D:15)
  6 scorpions
  24 killer bees
  A killer bee (shapeshifter) (Elf:1)
  7 wights
  2 howler monkeys
  13 electric eels
  7 crimson imps
  2 quasits
  Crazy Yiuf (D:4)
  6 hounds
  2 jellies
  34 orc wizards
  27 orc priests
  3 bullfrog skeletons
  Jessica (D:3)
  8 iguanas
  8 worker ants
  A statue (D:9)
  A hound zombie (D:11)
  3 worker ant zombies
  4 gnolls (D:5)
  18 adders
  4 shadow imps
  12 white imps (Orc:2)
  An adder zombie (D:2)
  8 worms
  A dart slug (D:2)
  8 leopard geckos
  80 orcs
  2 giant cockroaches
  5 goblins
  7 hobgoblins
  2 jackals (D:2)
  8 quokkas
  2 ball pythons
  8 bats
  5 frilled lizards
  16 kobolds
  A leopard gecko skeleton (D:4)
  4 rats
  A bush (Elf:3)
  4 plants
896 creatures vanquished.

Vanquished Creatures (collateral kills)
  A deep elf annihilator (Elf:3)
1 creature vanquished.

Vanquished Creatures (others)
  Nessos (D:15)
  A manticore (D:15)
  An ugly thing (D:14)
  A cyclops (D:15)
  A yaktaur (D:15)
  2 orc warriors
  A centaur (D:14)
  A wight (D:13)
  An orc wizard (Orc:2)
  45 fungi
  54 plants
  4 toadstools (Lair:2)
113 creatures vanquished.

Grand Total: 1010 creatures vanquished

Notes
Turn   | Place    | Note
-------+----------+-------------------------------------------
     0 | D:1      | iamserjio the Octopode Wanderer began the quest for the
                  | Orb.
     0 | D:1      | iamserjio set off with: a scroll of teleportation, a +0
                  | dagger, a ration
     0 | D:1      | Reached XP level 1. HP: 13/13 MP: 2/2
    24 | D:1      | Learned a level 1 spell: Flame Tongue
   408 | D:1      | Reached skill level 1 in Dodging
   408 | D:1      | Reached XP level 2. HP: 18/18 MP: 0/4
  1071 | D:2      | Reached XP level 3. HP: 15/23 MP: 0/5
  1195 | D:2      | Learned a level 3 spell: Conjure Flame
  1712 | D:2      | Reached skill level 1 in Conjurations
  1882 | D:2      | Reached XP level 4. HP: 20/28 MP: 7/7
  2498 | D:3      | Reached skill level 2 in Conjurations
  2789 | D:3      | Reached XP level 5. HP: 30/33 MP: 4/8
  3091 | D:3      | Noticed Jessica
  3110 | D:3      | Learned a level 4 spell: Sticky Flame
  3113 | D:3      | Killed Jessica
  3120 | D:3      | Identified Jessica's Guide on Augmentations
  3599 | D:3      | Reached skill level 3 in Conjurations
  3772 | D:4      | Found Mahuipeu's Magic Scroll Boutique.
  3783 | D:4      | Bought a scroll of teleportation for 30 gold pieces
  3783 | D:4      | Bought a scroll of magic mapping for 35 gold pieces
  3783 | D:4      | Bought a scroll of fear for 35 gold pieces
  3783 | D:4      | Bought a scroll of random uselessness for 10 gold pieces
  3783 | D:4      | Bought a scroll of identify for 20 gold pieces
  3828 | D:4      | Reached XP level 6. HP: 38/38 MP: 10/10
  4180 | D:4      | Found an ornate altar of the Wu Jian Council.
  4369 | D:4      | Reached skill level 4 in Conjurations
  4969 | D:4      | Found a runed door.
  4975 | D:4      | Noticed Crazy Yiuf
  4982 | D:4      | Killed Crazy Yiuf
  4982 | D:4      | Reached XP level 7. HP: 43/43 MP: 2/12
  5077 | D:5      | Entered Level 5 of the Dungeon
  5379 | D:5      | Learned a level 5 spell: Fireball
  5398 | D:5      | Noticed Ijyb
  5399 | D:5      | Noticed Ijyb
  5399 | D:5      | Ijyb changed into Ijyb the boggart
  5405 | D:5      | Paralysed by Ijyb for 6 turns
  5522 | D:5      | Killed Ijyb the boggart
  5737 | D:5      | Reached XP level 8. HP: 48/48 MP: 2/14
  5847 | D:5      | Reached skill level 5 in Conjurations
  5847 | D:5      | Reached skill level 5 in Fire Magic
  6471 | D:6      | Found Tywiv's Food Shoppe.
  6507 | D:6      | Reached skill level 5 in Dodging
  6957 | D:6      | Found a staircase to the Ecumenical Temple.
  7003 | D:6      | Found a snail-covered altar of Cheibriados.
  7123 | D:6      | Reached skill level 6 in Conjurations
  7261 | D:6      | Found a hazy altar of Hepliaklqana.
  7396 | Temple   | Entered the Ecumenical Temple
  7605 | D:6      | Reached XP level 9. HP: 51/53 MP: 15/15
  7627 | D:6      | Found a glowing golden altar of the Shining One.
  8011 | D:7      | Found a shadowy altar of Dithmenos.
  8124 | D:7      | Found a deep blue altar of Sif Muna.
  8129 | D:7      | Found a shattered altar of Ashenzari.
  8187 | D:7      | Became a worshipper of Dithmenos the Shadowed
  8263 | D:7      | Reached skill level 7 in Conjurations
  9776 | D:8      | Found an ancient bone altar of Kikubaaqudgha.
  9969 | D:8      | Reached XP level 10. HP: 65/65 MP: 3/16
 10101 | D:8      | Found an opulent altar of Gozag.
 10287 | D:8      | Found a sparkling altar of Nemelex Xobeh.
 10287 | D:8      | Noticed an oklob plant
 10379 | D:8      | Reached skill level 5 in Fighting
 10381 | D:8      | Reached * piety under Dithmenos
 10823 | D:8      | Noticed Erica
 10848 | D:8      | Killed Erica
 10848 | D:8      | Reached skill level 8 in Conjurations
 10848 | D:8      | Reached skill level 1 in Invocations
 11018 | D:8      | Found a staircase to the Lair.
 11631 | D:9      | Found a staircase to the Orcish Mines.
 11701 | D:9      | Noticed a deep elf mage
 11705 | D:9      | Killed a deep elf mage
 12333 | D:9      | Found a radiant altar of Vehumet.
 12832 | D:9      | Reached ** piety under Dithmenos
 13294 | D:10     | Entered Level 10 of the Dungeon
 13408 | D:10     | Noticed Fannar
 13622 | D:10     | Reached XP level 11. HP: 71/74 MP: 17/17
 13707 | D:10     | Noticed a two-headed ogre
 13719 | D:10     | Killed a two-headed ogre
 14504 | D:10     | Killed Fannar
 14870 | D:11     | Found Memit's Food Shop.
 14872 | D:11     | Noticed a cyclops
 14888 | D:11     | Killed a cyclops
 14888 | D:11     | Reached skill level 9 in Conjurations
 15250 | D:11     | Reached skill level 5 in Spellcasting
 16054 | D:11     | Found Seffeczewo's Gadget Boutique.
 16262 | D:12     | Noticed a cyclops
 16277 | D:11     | Reached *** piety under Dithmenos
 16367 | D:12     | Noticed a manticore
 16374 | D:12     | Killed a manticore
 17107 | D:12     | Reached skill level 10 in Conjurations
 17271 | D:12     | Noticed a brown ugly thing
 17276 | D:12     | Killed a brown ugly thing
 17302 | D:12     | Reached XP level 12. HP: 49/82 MP: 12/22
 17508 | D:12     | Learned a level 1 spell: Summon Butterflies
 17522 | D:12     | Found a snail-covered altar of Cheibriados.
 17675 | D:13     | Noticed a centaur warrior
 17899 | D:13     | Noticed a two-headed ogre
 18377 | D:8      | Noticed Prince Ribbit
 18385 | D:8      | Killed Prince Ribbit
 18592 | Lair:1   | Entered Level 1 of the Lair of Beasts
 19610 | Lair:2   | Noticed a seven-headed hydra
 19617 | Lair:2   | Killed a seven-headed hydra
 19617 | Lair:2   | Reached skill level 11 in Conjurations
 19921 | Lair:2   | Noticed a five-headed hydra
 19932 | Lair:2   | Killed a five-headed hydra
 19942 | Lair:2   | Reached **** piety under Dithmenos
 20133 | Lair:2   | Found a staircase to the Swamp.
 20491 | Lair:2   | Found a hole to the Spider Nest.
 21050 | Lair:2   | Found a runed door.
 21475 | Lair:3   | Reached skill level 5 in Shields
 21656 | Lair:3   | Reached XP level 13. HP: 88/88 MP: 22/25
 22147 | Lair:3   | Reached skill level 12 in Conjurations
 22677 | Lair:4   | Reached ***** piety under Dithmenos
 24704 | Lair:5   | Found a viscous altar of Jiyva.
 24704 | Lair:5   | Found a staircase to the Slime Pits.
 24776 | Lair:5   | Reached skill level 10 in Shields
 26175 | Lair:6   | Entered Level 6 of the Lair of Beasts
 26221 | Lair:6   | Reached XP level 14. HP: 94/94 MP: 25/26
 28834 | Lair:6   | Reached ****** piety under Dithmenos
 29463 | Lair:6   | Found a runed door.
 29500 | Lair:6   | Noticed TheNamelessOne's ghost (journeyman CeFi)
 30807 | D:13     | Noticed Erolcha
 30861 | D:13     | Killed Erolcha
 31570 | D:13     | Found a gate to the Vaults.
 31896 | D:14     | Reached skill level 13 in Conjurations
 31996 | D:14     | Reached XP level 15. HP: 100/100 MP: 27/27
 32155 | D:14     | Noticed Roxanne
 33053 | D:14     | Killed Roxanne
 33061 | D:14     | Identified Roxanne's Guide on Clay (You took it off Roxanne
                  | on level 14 of the Dungeon)
 33067 | D:14     | Learned a level 3 spell: Stone Arrow
 33158 | D:14     | Reached skill level 1 in Earth Magic
 34078 | D:15     | Entered Level 15 of the Dungeon
 34119 | D:15     | Noticed Nessos
 34130 | D:15     | Killed Nessos
 34324 | D:15     | Found a staircase to the Depths.
 34324 | D:15     | Noticed a fire giant
 35849 | D:11     | Bought a wand of paralysis (19) for 273 gold pieces
 35907 | Orc:1    | Entered Level 1 of the Orcish Mines
 36424 | Orc:1    | Found Zotorykh's Antique Weapon Emporium.
 36522 | Orc:2    | Entered Level 2 of the Orcish Mines
 37257 | Orc:1    | Reached skill level 14 in Conjurations
 37998 | Orc:2    | Noticed an orc warlord
 38144 | Orc:1    | Killed an orc warlord
 38608 | Orc:2    | Found Xeacriuc's Antique Weapon Shop.
 38811 | Orc:2    | Reached skill level 10 in Fighting
 39241 | Orc:2    | Found Awad's General Store.
 39511 | Orc:2    | Found Ateematz's Antique Armour Boutique.
 39546 | Orc:2    | Found a staircase to the Elven Halls.
 39590 | Orc:2    | Found Uxuig's Book Emporium.
 39598 | Orc:2    | Bought a book of Power for 630 gold pieces
 39605 | Orc:2    | Learned a level 6 spell: Iron Shot
 39613 | Orc:2    | Learned a level 7 spell: Spellforged Servitor
 40008 | Orc:2    | Reached skill level 1 in Summonings
 40234 | Orc:2    | Reached XP level 16. HP: 39/109 MP: 1/29
 40602 | Orc:1    | Found Mugaso's Antique Armour Shop.
 41811 | Elf:1    | Entered Level 1 of the Elven Halls
 41858 | Elf:1    | Found a radiant altar of Vehumet.
 41906 | Elf:1    | Reached skill level 5 in Earth Magic
 44535 | Elf:1    | Reached skill level 15 in Conjurations
 44631 | Elf:1    | Reached skill level 5 in Summonings
 44691 | Elf:2    | Reached skill level 15 in Shields
 45454 | Elf:2    | Found Sidghidun's Magic Scroll Shoppe.
 45472 | Elf:2    | Bought a scroll of blinking for 112 gold pieces
 45472 | Elf:2    | Bought a scroll of summoning for 142 gold pieces
 45476 | Elf:2    | Found a shimmering altar of Xom.
 45673 | Elf:2    | Found a runed gate.
 45673 | Elf:2    | Found a runed gate.
 45673 | Elf:2    | Found a runed gate.
 45947 | Elf:3    | Entered Level 3 of the Elven Halls
 46154 | Elf:3    | Noticed Donald
 46158 | Elf:3    | Killed Donald
 46158 | Elf:3    | Reached XP level 17. HP: 115/115 MP: 19/30
 46587 | Elf:3    | Found Xiockiuph's Armour Shoppe.
 46899 | Elf:3    | Found a radiant altar of Vehumet.
 46996 | Elf:3    | Noticed a deep elf blademaster
 46999 | Elf:3    | Noticed a deep elf blademaster
 47000 | Elf:3    | Killed a deep elf blademaster
 47003 | Elf:3    | Noticed a deep elf master archer
 47004 | Elf:3    | Killed a deep elf blademaster
 47177 | Elf:3    | Noticed a deep elf master archer
 47266 | Elf:3    | Killed a deep elf master archer
 47791 | Elf:3    | Killed a deep elf master archer
 48825 | Elf:3    | Reached skill level 16 in Conjurations
 49039 | Elf:3    | Noticed a deep elf blademaster
 49047 | Elf:3    | Killed a deep elf blademaster
 49207 | Elf:3    | Got a warped halberd {flame}
 49352 | Elf:3    | Got a bound iron ring
 49353 | Elf:3    | Identified the cursed ring "Ovusarghi" {Int-2 Stlth+} (You
                  | took it off a deep elf death mage on level 3 of the Elven
                  | Halls)
 49633 | Elf:3    | Got a transparent spear {pierce}
 49639 | Elf:3    | Identified the +6 spear "Leviticus" {pierce, Fragile +Fly
                  | rElec} (You took it off a deep elf mage on level 3 of the
                  | Elven Halls)
 50086 | Elf:3    | Noticed a deep elf blademaster
 50087 | Elf:3    | Noticed a deep elf master archer
 50091 | Elf:3    | Killed a deep elf blademaster
 50092 | Elf:3    | Shot with an arrow by a deep elf master archer

Vault maps used:
D:1:      minmay_arrival_open_corners
D:2:      first_ration
D:3:      grunt_ministairs_4, kennysheep_jessica_study
D:4:      nicolae_overflow_crystal_walls, kennysheep_small_circle,
          uniq_crazy_yiuf_cottage
D:5:      uniq_ijyb
D:6:      lemuel_round_altar, kennysheep_mini, lemuel_coloured_pillars_altar,
          temple_doors_e, serial_shops, shop
D:7:      overflow_temple_1_default, minitemple, grunt_livestock
D:8:      marbit_many_paths, overflow_temple_1_default,
          erik_lair_orcish_takeover, lemuel_oklob_altar, uniq_erica,
          uniq_prince_ribbit1
D:9:      minmay_opposing_rooms, vehumet_statue, minivault_5
D:10:     uniq_fannar
D:11:     serial_shops, shop, shop, special_room
D:12:     basic_altar
D:13:     david_vaults_1, uniq_erolcha
D:14:     hex_tiny, uniq_roxanne
D:15:     grunt_enter_depths_giant_problem, uniq_nessos
Temple:   nicolae_temple_hex_pool
Lair:1:   dpeg_stationary_puzzle
Lair:2:   gammafunk_lair_enchanted_lake, minmay_swamp_entry_eels,
          nicolae_spider_entry_non_spiders
Lair:3:   grunt_megastairs_3
Lair:4:   grunt_megastairs_2, serial_bayou_shore_a
Lair:5:   dpeg_slime_entry_enclosed_altar
Lair:6:   minmay_lair_end_frog_pond, ebering_ghost_funeral_grove, st_stairs_10
Orc:1:    serial_shops, shop, guppyfry_orc_lava_fort
Orc:2:    grunt_orc_gardens, grunt_orc_garden, grunt_orc_garden,
          grunt_orc_garden, grunt_orc_garden, portal_ice_cave_entry_imps
Elf:1:    eino_elf_arrival_altar, hangedman_elven_crosses_minicolossus
Elf:2:    serial_shops, shop, basic_altar, abandoned_shop
Elf:3:    minmay_elf_hall, basic_altar, serial_shops, nicolae_shop_waterfront,
          fountainhead, uniq_donald

Skill      XL: |  1  2  3  4  5  6  7  8  9 10 11 12 13 14 15 16 17 |
---------------+----------------------------------------------------+-----
Dodging        | 1 2 3 4 5 6 7 8 9 |  9.0
Spellcasting   | 2 3 4 6 8 9 |  9.7
Conjurations   | 1 2 3 4 6 7 8 10 11 12 13 14 15 16 | 16.2
Fire Magic     | 6 7 8 9 |  9.0
Fighting       | 4 6 8 10 11 | 11.5
Evocations     | 2 |  2.0
Invocations    | 3 |  3.0
Shields        | 5 11 13 14 15 | 15.0
Earth Magic    | 4 8 |  8.0
Summonings     | 1 6 7 |  7.0
Bows           | |  2.0

Action                   |  1- 3 |  4- 6 |  7- 9 | 10-12 | 13-15 | 16-18 || total
-------------------------+-------+-------+-------+-------+-------+-------++-------
Melee: Dagger            |    13 |       |       |       |       |       ||    13
       Constrict         |    22 |    19 |    30 |    45 |    40 |     9 ||   165
       Spear             |    63 |    86 |       |       |       |       ||   149
       Tentacles         |    10 |    14 |    17 |    33 |    32 |     4 ||   110
       Quarterstaff      |       |       |   120 |    89 |       |       ||   209
       Staff             |       |       |       |   141 |   206 |    26 ||   373
       Scimitar          |       |       |       |       |    28 |       ||    28
Throw: Stone             |     1 |     2 |       |       |       |       ||     3
       Tomahawk          |       |       |     1 |     2 |       |       ||     3
 Cast: Flame Tongue      |    21 |   108 |   124 |   269 |   369 |    42 ||   933
       Conjure Flame     |       |     1 |    13 |    21 |    28 |     1 ||    64
       Sticky Flame      |       |       |    14 |   106 |   393 |    68 ||   581
       Fireball          |       |       |     2 |    58 |   156 |   160 ||   376
       Stone Arrow       |       |       |       |       |       |    40 ||    40
       Iron Shot         |       |       |       |       |       |    25 ||    25
       Spellforged Servi |       |       |       |       |       |     1 ||     1
Evoke: Wand              |       |       |     1 |    39 |    26 |     5 ||    71
       Lightning rod     |       |       |       |       |     4 |     1 ||     5
       Lamp of fire      |       |       |       |       |     1 |     2 ||     3
       Sack of spiders   |       |       |       |       |     1 |       ||     1
       Fan of gales      |       |       |       |       |       |     1 ||     1
  Use: Scroll            |       |    10 |     2 |     7 |    14 |    12 ||    45
       Potion            |       |     1 |     2 |     1 |     3 |     1 ||     8
 Stab: Sleeping          |     5 |     4 |     5 |     4 |     1 |       ||    19
       Distracted        |       |       |     1 |     1 |       |       ||     2
       Petrifying        |       |       |     1 |       |       |       ||     1
       Paralysed         |       |       |       |    10 |    34 |       ||    44
  Eat: Chunk             |     3 |    10 |    17 |    29 |    50 |    35 ||   144
       Ration            |       |       |     1 |    10 |    14 |     9 ||    34
Armor: Skin              |     7 |    14 |    35 |    42 |    33 |     3 ||   134
Dodge: Dodged            |    45 |    68 |   126 |   352 |   322 |    47 ||   960
Block: Other             |       |       |       |    57 |    14 |       ||    71
       Reflection        |       |       |       |     1 |    45 |    22 ||    68
       Shield            |       |       |       |       |   596 |    94 ||   690

Table legend:
 A = Non-vault XP
 B = Vault XP
 C = Vault XP percentage of total XP
 D = Non-vault monster count
 E = Vault monster count
 F = Vault count percentage of total count
                 A         B        C        D         E       F
            +---------+---------+-------+---------+---------+-------
      Total |  129398 |   99603 |  43.5 |     646 |     255 |  28.3
            +---------+---------+-------+---------+---------+-------
        D:1 |      21 |       0 |   0.0 |      14 |       0 |   0.0
        D:2 |      87 |       0 |   0.0 |      25 |       0 |   0.0
        D:3 |     142 |      43 |  23.2 |      25 |       4 |  13.8
        D:4 |     401 |      44 |   9.9 |      22 |       2 |   8.3
        D:5 |     695 |     122 |  14.9 |      19 |       1 |   5.0
        D:6 |     871 |       0 |   0.0 |      19 |       0 |   0.0
        D:7 |     837 |    1010 |  54.7 |      18 |       6 |  25.0
        D:8 |    1296 |    2330 |  64.3 |      28 |      10 |  26.3
        D:9 |    1296 |    1077 |  45.4 |      18 |       7 |  28.0
       D:10 |    1972 |     971 |  33.0 |      22 |       1 |   4.3
       D:11 |    2319 |    1724 |  42.6 |      19 |      24 |  55.8
       D:12 |    4941 |       0 |   0.0 |      24 |       0 |   0.0
       D:13 |    5340 |    3503 |  39.6 |      36 |       6 |  14.3
       D:14 |   13235 |    1594 |  10.7 |      42 |       1 |   2.3
       D:15 |    8885 |     871 |   8.9 |      30 |       1 |   3.2
     Lair:1 |    1698 |     108 |   6.0 |      11 |       2 |  15.4
     Lair:2 |    4657 |    3303 |  41.5 |      12 |      20 |  62.5
     Lair:3 |    4413 |     444 |   9.1 |      22 |       2 |   8.3
     Lair:4 |    5073 |    1023 |  16.8 |      23 |       9 |  28.1
     Lair:5 |   14157 |    4670 |  24.8 |      41 |      17 |  29.3
     Lair:6 |    8049 |    7260 |  47.4 |      31 |      33 |  51.6
      Orc:1 |    2917 |    7081 |  70.8 |      37 |      24 |  39.3
      Orc:2 |    3767 |    7982 |  67.9 |      35 |      32 |  47.8
      Elf:1 |   19661 |   13927 |  41.5 |      30 |      23 |  43.4
      Elf:2 |   10780 |    1666 |  13.4 |      20 |       2 |   9.1
      Elf:3 |   11888 |   38850 |  76.6 |      23 |      28 |  54.9
            +---------+---------+-------+---------+---------+-------
